 Dungeon Crawl Stone Soup version 0.19.4 (webtiles) character file.

434 loralnil the Chopper (level 6, -1/85 HPs)
             Began as a Deep Dwarf Fighter on Feb 2, 2017.
             Was an Initiate of Qazlal.
             Incinerated by a mottled dragon (8 damage)
             ... with a sticky flame
             ... on level 4 of the Dungeon.
             The game lasted 00:07:00 (2153 turns).

loralnil the Chopper (Deep Dwarf Fighter)           Turns: 2153, Time: 00:07:01

Health: -1/85      AC: 23    Str: 22    XL:     6   Next: 67%
Magic:  7/7        EV:  2    Int:  8    God:    Qazlal [......]
Gold:   144        SH: 10    Dex: 15    Spells: 0 memorised, 5 levels left

rFire  . . .     SeeInvis +     a - +0 war axe
rCold  . . .     Gourm    .     (armour currently unavailable)
rNeg   + + +     Faith    .     c - +0 shield
rPois  +         Spirit   .     (helmet currently unavailable)
rElec  .         Reflect  .     (cloak currently unavailable)
rCorr  .         Harm     .     (gloves currently unavailable)
MR     .....     NoTele   +     (boots currently unavailable)
Stlth  +.........               (no amulet)
                                o - +3 ring of dexterity
                                r - ring of see invisible

@: liquid flames, tree-form, non-regenerating, glowing
A: damage resistance, recharge devices, sense surroundings 1, slow regeneration
3
a: Device Recharging, Renounce Religion


You were on level 4 of the Dungeon.
You worshipped Qazlal.
Qazlal was noncommittal.
You were not hungry.
You were a tree.
You visited 2 branches of the dungeon, and saw 6 of its levels.

You collected 144 gold pieces.

Inventory:

Hand Weapons
 a - a +0 war axe (weapon)
Armour
 b - a +1 scale mail (melded)
 c - a +0 shield (worn)
Jewellery
 o - a +3 ring of dexterity (right branch)
 r - a ring of see invisible (left branch)
Wands
 e - a wand of heal wounds (0/9)
 n - a wand of random effects (29/48)
 z - a wand of polymorph (4/24)
Scrolls
 m - a scroll of teleportation
Potions
 d - 3 potions of might
 g - 2 potions of berserk rage {unknown}
 h - a potion of lignification
 i - a potion of resistance {unknown}
 k - 2 potions of brilliance
 q - a potion of ambrosia {unknown}
 s - a potion of heal wounds {unknown}
 v - 2 potions of agility {unknown}
 x - 2 potions of degeneration {unknown}
 B - a potion of haste {unknown}
Comestibles
 f - a bread ration
 j - 8 fruits
 l - a meat ration
 p - a slice of pizza


   Skills:
 + Level 3.7 Fighting
 + Level 5.2 Axes
 + Level 4.3 Armour
 + Level 1.2 Dodging
 + Level 4.5 Shields
 * Level 2.2 Evocations


You had 5 spell levels left.
You didn't know any spells.

Dungeon Overview and Level Annotations

Branches:
Dungeon (5/15)             Temple (1/1) D:4

Altars:
Ashenzari
Cheibriados
Dithmenos
Elyvilon
Fedhas
Gozag
Hepliaklqana
Kikubaaqudgha
Makhleb
Nemelex Xobeh
Okawaru
Qazlal
Ru
Sif Muna
Trog
Uskayaw
Vehumet
Xom
Yredelemnul
Zin
The Shining One

Shops:
D:4 (


Innate Abilities, Weirdness & Mutations

You are resistant to damage.
You can recharge devices by infusing magical energy.
You passively map a small area around you.
You do not regenerate.


Message History

* * * LOW HITPOINT WARNING * * *
You block the mottled dragon's attack.
The mottled dragon claws you but does no damage.
You block the mottled dragon's attack. The mottled dragon barely misses you.
You barely miss the mottled dragon.
The mottled dragon is moderately wounded.
You are covered in liquid flames!
You block the mottled dragon's attack. x2
You closely miss the mottled dragon.
The mottled dragon is moderately wounded.
You are covered in liquid flames!
* * * LOW HITPOINT WARNING * * *
The mottled dragon bites you but does no damage.
The mottled dragon claws you.
* * * LOW HITPOINT WARNING * * *
It was a potion of lignification.
You turn into a tree.
Your +1 scale mail melds into your body.
Your roots penetrate the ground.
You are covered in liquid flames!
You die...

#.##.## *,* #.##.# *,*
#.##.# *,* #.##.# *,*
#.##.# *,* #.##.# *,***
##.##.# *,,,*
###.#.#.##### ***,*
#..###D♣.)..# *,*
#.#.#.#.###.# *,*
#.##.##.# #.# *,#
#.##.##.# #.##### *.#
#.##.##># #...>.# *.##
#.##.##.###.....###..#**
#.##.##..........,...,,,
#.##.####*#.....##.#**,*
#.##.# #.....#.#* **,


You could see a mottled dragon.

Vanquished Creatures
  The ghost of Paps the Sneak, an amateur GrAs (D:4)
  2 ogres (D:4)
  2 worker ants
  An adder (D:2)
  2 shadow imps (D:5)
  An ooze (D:2)
  An adder skeleton (D:4)
  A worm (D:2)
  A dart slug (D:3)
  4 leopard geckos
  An orc (D:4)
  7 bats
  4 giant cockroaches
  3 goblins
  4 hobgoblins
  4 jackals (D:1)
  2 quokkas
  3 ball pythons
  5 frilled lizards
  A jackal skeleton (D:4)
  12 kobolds
  4 rats
66 creatures vanquished.

Notes
Turn   | Place    | Note
-------+----------+-------------------------------------------
     0 | D:1      | loralnil the Deep Dwarf Fighter began the quest for the Orb.
     0 | D:1      | Reached XP level 1. HP: 20/20 MP: 1/1
   227 | D:1      | Reached XP level 2. HP: 25/27 MP: 2/2
   748 | D:1      | Reached XP level 3. HP: 24/34 MP: 0/3
  1078 | D:2      | Found a sacrificial altar of Ru.
  1280 | D:2      | Reached skill level 3 in Axes
  1280 | D:2      | Reached XP level 4. HP: 12/42 MP: 0/4
  1573 | D:3      | You fall through a shaft for 2 floors!
  1573 | D:5      | Entered Level 5 of the Dungeon
  1654 | D:4      | Found a staircase to the Ecumenical Temple.
  1660 | Temple   | Entered the Ecumenical Temple
  1749 | Temple   | Became a worshipper of Qazlal Stormbringer
  1822 | D:4      | Noticed an ogre
  1827 | D:4      | Killed an ogre
  1827 | D:4      | Reached skill level 4 in Axes
  1827 | D:4      | Reached XP level 5. HP: 36/49 MP: 5/5
  1863 | D:4      | Noticed an ogre
  1880 | D:4      | Killed an ogre
  1880 | D:4      | Reached skill level 1 in Evocations
  1880 | D:4      | Reached XP level 6. HP: 39/56 MP: 5/7
  1969 | D:4      | Noticed Paps's ghost (amateur GrAs)
  1986 | D:4      | Killed Paps's ghost
  1986 | D:4      | Reached skill level 5 in Axes
  1986 | D:4      | Reached skill level 1 in Dodging
  2064 | D:4      | Found Julirphos's Antique Weapon Shop.
  2146 | D:4      | Noticed a mottled dragon
  2146 | D:4      | a scorpion changed into a mottled dragon
  2153 | D:4      | Incinerated by a mottled dragon

Skill      XL: |  1  2  3  4  5  6 |
---------------+-------------------+-----
Fighting       | 3 |  3.7
Shields        | 4 |  4.5
Axes           | 3 4 5 |  5.2
Armour         | 4 |  4.3
Evocations     | 1 2 |  2.2
Dodging        | 1 |  1.2

Action                   |  1- 3 |  4- 6 || total
-------------------------+-------+-------++-------
Melee: War axe           |   128 |    75 ||   203
Evoke: Wand              |       |     9 ||     9
  Use: Scroll            |     1 |     8 ||     9
       Potion            |       |     2 ||     2
  Eat: Chunk             |     1 |     3 ||     4
Armor: Scale mail        |    74 |    29 ||   103
Dodge: Dodged            |    49 |    16 ||    65
Block: Shield            |    78 |    40 ||   118
